 Dungeon Crawl Stone Soup version 0.13-a0-1672-g2e244fd (webtiles) character file.

917488 Impy the Petrodigitator (level 27, -9/345 HPs)
             Began as a Gargoyle Monk on June 13, 2013.
             Was the Champion of Kikubaaqudgha.
             Mangled by Cerebov
             ... wielding the +6,+6 Sword of Cerebov {flame}
              (13 damage)
             ... in Pandemonium on June 19, 2013.
             The game lasted 12:37:23 (113594 turns).

Impy the Petrodigitator (Gargoyle Monk)           Turns: 113594, Time: 12:37:23

HP  -9/345       AC 50     Str 16      XL: 27
MP  29/49        EV 19     Int 22 (23) God: Kikubaaqudgha [******]
Gold 6282        SH 42     Dex 19 (20) Spells: 12 memorised, 34 levels left

Res.Fire  : + + .   See Invis. : .     - Unarmed
Res.Cold  : + . .   Warding    : .   J - melded +0 troll leather armour
Life Prot.: + + .   Conserve   : .   r - +3 large shield
Res.Poison: +       Res.Corr.  : .   y - +0 helmet {Int+3}
Res.Elec. : +       Clarity    : .   U - +2 cloak {darkness}
Sust.Abil.: . .     Spirit.Shd : .   Q - melded +1 pair of gloves {Str+3}
Res.Mut.  : +       Stasis     : .   N - melded +0 pair of boots
Res.Rott. : +       Flight     : .   A - amulet of resist mutation
Saprovore : . . .                    H - ring of protection from fire
                                     B - ring of Gritio {rPois rF+ Dex+5 Acc+3}

@: statue-form, regenerating, stone skin, about to teleport, agile, studying
Translocations, very slightly contaminated, hasted, quick, quite resistant to
hostile enchantments, stealthy
A: fangs 1, talons 2, cold resistance 1, deterioration 1, life protection 1,
poison resistance, slow metabolism 2, evolution 1, petrification resistance,
trample resistance, Str -1
a: End Transformation, Receive Corpses, Torment, Renounce Religion, Evoke
Invisibility
}: 7/15 runes: decaying, serpentine, slimy, silver, golden, abyssal, demonic


You were in Pandemonium.
You worshipped Kikubaaqudgha.
Kikubaaqudgha was exalted by your worship.
You were full.
You were a stone statue.
You visited 11 branches of the dungeon, and saw 72 of its levels.
You visited Pandemonium 1 time, and saw 23 of its levels.
You visited the Abyss 2 times.
You also visited: Sewer and Bailey.

You collected 11728 gold pieces.
You spent 5446 gold pieces at shops.

Inventory:

Hand weapons
 k - a +3,+1 demon blade of electrocution
 F - a +3,+3 eudemon blade of holy wrath
 G - the +0,+0 Sword of Power
   (You found it on level 2 of the Enchanted Forest)
Armour
 e - a +2 helmet of see invisible
 r - a +3 large shield (worn)
 s - the +3 shield of Honesty {rN+ MR++}
   (You acquired it on level 1 of the Tomb of the Ancients)

   It protects you from negative energy.
   It affects your resistance to hostile enchantments.
 v - the +2 faerie dragon armour {+Inv rC++ Dex+3}
   (You took it off the Enchantress on level 5 of the Enchanted Forest)

   It affects your dexterity (+3).
   It greatly protects you from cold.
   It lets you turn invisible.
 w - the +3 salamander hide armour {+Rage rF++}
   (Okawaru gifted it to you on level 22 of the Dungeon)

   It greatly protects you from fire.
   It lets you go berserk.
 y - a +0 helmet of intelligence (worn)
 J - a +0 troll leather armour (melded)
 N - a +0 pair of boots (melded)
 Q - a +1 pair of gloves of strength (melded)
 U - a +2 cloak of darkness (worn)
Magical devices
 d - a wand of hasting (7)
 m - a wand of hasting (4)
 u - a wand of fire (12)
 E - a wand of teleportation (0)
 P - a wand of disintegration (10)
 Y - a wand of teleportation (2)
Comestibles
 b - 4 bread rations
 c - 15 meat rations
 p - a banana
Scrolls
 t - a scroll of identify
 M - a scroll of remove curse
Jewellery
 a - a +4 ring of strength
 h - an uncursed ring of life protection
 j - an uncursed ring of protection from magic
 l - an uncursed ring of fire
 n - an uncursed ring of teleport control
 q - an uncursed amulet of resist corrosion
 x - an uncursed amulet of the gourmand
 z - an uncursed ring of regeneration
 A - an amulet of resist mutation (around neck)
 B - the ring of Gritio (left hand) {rPois rF+ Dex+5 Acc+3}
   (You found it on level 3 of the Elven Halls)

   [ring of dexterity]

   It affects your dexterity (+5).
   It affects your accuracy (+3).
   It protects you from fire.
   It protects you from poison.
 C - the ring "Couwievu" {rC+ Str+1 Int+3}
   (You found it on level 18 of the Dungeon)

   [ring of protection from cold]

   It affects your strength (+1).
   It affects your intelligence (+3).
 H - a ring of protection from fire (right hand)
 K - an uncursed ring of sustain abilities
 O - an uncursed ring of sustenance
 R - a cursed ring of protection from cold {unknown}
 T - a cursed ring of teleportation
Potions
 o - 2 potions of curing
 L - a potion of agility
 S - 2 potions of speed
Books
 f - a manual of Translocations
 Z - a book of Enchantments

   Spells                             Type                      Level
   Cause Fear                         Hexes                        4
   Silence                            Hexes/Air                    5
   Tukima's Dance                     Hexes                        5
   Deflect Missiles                   Charms/Air                   6
   *Haste                             Charms                       6
Magical staves
 i - an uncursed staff of earth
 D - an uncursed staff of wizardry
Miscellaneous
 I - a legendary deck of changes {Battlelust, drawn: 5}


   Skills:
 + Level 24.8 Fighting
 - Level 5.5 Armour
 - Level 15.7 Dodging
 - Level 2.1 Stealth
 - Level 15.0 Shields
 - Level 6.5 Traps
 O Level 27 Unarmed Combat
 + Level 26.6 Spellcasting
 - Level 13.0 Charms
 - Level 12.0 Transmutations
 O Level 27 Earth Magic


You had 34 spell levels left.
You knew the following spells:

 Your Spells              Type           Power        Failure   Level  Hunger
a - Slow                  Hex            ####....     6%          2    None
b - Stoneskin             Trmt/Erth      #######...   0%          2    None
c - Statue Form           Trmt/Erth      #######...   1%          6    None
d - Swiftness             Chrm/Air       ######....   1%          2    None
e - Blink                 Tloc           N/A          6%          2    None
f - Repel Missiles        Chrm/Air       ######....   1%          2    None
g - Flight                Chrm/Air       ######....   1%          3    None
h - Haste                 Chrm           ######..     2%          6    None
i - Control Teleport      Chrm/Tloc      ######....   1%          4    None
j - Regeneration          Chrm/Necr      ######....   1%          3    None
k - Dig                   Erth           #######.     0%          4    None
l - Shatter               Erth           #######...   14%         9    ######.


Dungeon Overview and Level Annotations

Branches:
Dungeon (27/27)            Temple (1/1) D:7             Orc (4/4) D:7
    Elf (3/3) Orc:3          Lair (8/8) D:11          Swamp (5/5) Lair:3
  Snake (5/5) Lair:4        Slime (6/6) Lair:6       Vaults (5/5) D:20
  Blade (0/1) Vaults:4       Tomb (3/3) Forest:3        Zot (0/5) D:27
 Forest (5/5) Vaults:3

Altars:
Ashenzari
Cheibriados
Elyvilon
Fedhas
Kikubaaqudgha
Makhleb
Nemelex Xobeh
Okawaru
Sif Muna
Trog
Vehumet
Xom
Zin
the Shining One
Jiyva

Shops:
D:5: * D:7: + D:12: = D:13: ! D:17: + D:18: [ D:19: %%([/ Orc:1: ( Orc:4: /(([/ Elf:2: %= Snake:1: +!*(? Vaults:3: + Vaults:4: +

Portals:
Hell: D:21 D:22 D:23 D:24 D:25 D:26* D:27
Abyss: D:23* D:25 D:26
Pandemonium: D:24 D:27
Trove: D:11 (give 17 scrolls of identify)

Annotations
D:6 1 exclusion
D:7 exclusion: 2 doors
Elf:3 1 exclusion
Lair:8 exclusion: door
Pan Cerebov


Innate Abilities, Weirdness & Mutations

You have very sharp teeth.*
You have razor-sharp toenails.*
Your flesh is cold resistant.*
You resist negative energy.*
You need consume almost no food.
You are immune to petrification.
You are resistant to trampling.
((You are partially covered in molten scales (AC +1).))*
Your body is slowly deteriorating.
Your system is resistant to poisons.*
((You are covered in fur (AC +1).))*
You are weak (Str -1).
You evolve.


Message History

Cerebov is heavily wounded.
You block the hell beast's attack.
You punch Cerebov! You claw Cerebov. You bite Cerebov, but do no damage.
Cerebov is severely wounded.
Cerebov hits you with a great serpentine sword {flame}!
* * * LOW HITPOINT WARNING * * *
Cerebov burns you.
* * * LOW HITPOINT WARNING * * *
You block the sun demon's attack.
The Brimstone Fiend completely misses you.
You block the Brimstone Fiend's attack. You block the hell beast's attack.
The hell beast misses you. It hits you!
* * * LOW HITPOINT WARNING * * *
You feel your power leaking away.
A fire vortex comes into view.
You squash Cerebov like a bug!!!
You claw Cerebov. Your bite misses Cerebov.
Cerebov is severely wounded.
Cerebov hits you with a great serpentine sword {flame}!
You die...
Kikubaaqudgha rasps: "You have failed me!
Welcome... oblivion!"

# ###.. ..####... #.
.......... #... #........
#....# ##......###....##
###.....v..#v.....#
...........213)...v.....
#..............8&#§..#....
#........v.....###.^.##
#.......≈≈≈....##.....#
#......≈≈≈≈≈..###.2...##
#......≈≈#≈≈..##≈.....≈#
#......≈≈≈≈≈..##≈.....≈#
#.......≈≈≈...####2''###
#.............##.......#
#.............##.#.4.#.#


You could see Cerebov, a Brimstone Fiend, a hell beast, a sun demon and 4 fire
vortices.

Vanquished Creatures
  the royal jelly (Slime:6)
  An ancient lich (Abyss:3)
  18 greater mummies
  Saint Roka (Vaults:3)
  Norris (Elf:2)
  Mara (Snake:4)
  Margery (D:20)
  Lamia (Snake:4)
  Mennas (Forest:2)
  16 pandemonium lords (Pan)
  A profane servitor (Abyss:2)
  2 illusory
  Maras (Snake:4)
  Jory (Vaults:2)
  3 golden dragons
  Xtahua (Vaults:5)
  6 bone dragons
  Frederick (Vaults:2)
  4 Brimstone Fiends
  11 Hell Sentinels (Pan)
  Nikola (Elf:3)
  6 liches (Abyss:3)
  2 tentacled monstrosities
  2 deep elf blademasters (Elf:3)
  The ghost of Bastard the Ninja, a mighty SpBe of Trog (Forest:5)
  19 acid blobs
  3 titans (Abyss:3)
  7 storm dragons
  8 shadow dragons
  9 Ice Fiends (Pan)
  9 sphinxes
  Agnes (Snake:3)
  The ghost of Kae the Unseen, a mighty SpEn of Nemelex Xobeh (D:22)
  6 Shadow Fiends (Pan)
  Roxanne (Elf:2)
  Frances (Swamp:4)
  Aizul (Snake:1)
  A tengu reaver (Forest:5)
  13 balrugs
  An iron dragon (Vaults:5)
  Donald (Forest:1)
  18 tentacled starspawn
  Maud (Lair:4)
  18 vault wardens
  4 frost giants
  45 stone giants
  Wiglaf (D:19)
  11 Executioners (Pan)
  Louise (D:16)
  2 draconian zealots (D:27)
  An orc warlord (Bailey)
  8 azure jellies
  the Enchantress (Forest:5)
  7 fire giants
  2 draconian annihilators (D:27)
  A grey draconian (D:27)
  5 green draconians (D:27)
  3 cacodemons (Pan)
  A spectral stone giant (Tomb:1)
  A green death (Pan)
  An eidolon (Abyss:2)
  Jorgrun (Elf:2)
  13 greater nagas
  6 deep elf annihilators
  2 purple draconians (D:27)
  4 white draconians
  A spectral elf (Elf:3)
  A dire elephant (Forest:3)
  Azrael (D:16)
  3 deep elf death magi (Elf:3)
  2 mottled draconians (D:27)
  7 spriggan defenders
  9 deep elf sorcerers
  A pale draconian (D:27)
  7 satyrs
  A red draconian (D:27)
  2 deep elf master archers (Elf:3)
  36 yaktaur captains
  5 black draconians (D:27)
  6 reapers (Pan)
  23 lorocyprocas
  Snorg (Swamp:4)
  16 spriggan air magi
  12 blizzard demons
  A storm dragon zombie (Vaults:3)
  7 ettins
  9 dragons
  A titan skeleton (Vaults:4)
  The ghost of 4tharraofdagon the Scorcher, a powerful DjFE of Sif Muna (Snake:1)
  26 mummy priests
  12 ironheart preservers
  An unborn deep dwarf (Abyss:2)
  41 vault guards
  8 great orbs of eyes
  Fannar (Lair:5)
  4 death oozes (Slime:6)
  Erica (Lair:2)
  A dancing weapon (Abyss:2)
  Josephine (D:13)
  5 storm dragon skeletons
  8 anacondas
  3 ice dragons
  7 spriggan enchanters
  14 alligators
  5 deep troll earth magi
  33 hydras
  16 ogre magi
  A spriggan assassin (Forest:3)
  12 spriggan berserkers
  Nessos (D:16)
  8 deep elf demonologists
  A sphinx zombie (D:15)
  7 thrashing horrors
  A rakshasa (D:18)
  11 deep troll shamans
  11 tengu warriors
  15 spriggan druids
  29 deep trolls
  A shadow dragon skeleton (D:24)
  The ghost of Bastard the Cruncher, an experienced GrGl of Okawaru (Lair:1)
  8 death yaks
  2 deep elf high priests (Elf:3)
  7 wretched stars
  8 jiangshi
  2 frost giant zombies (Vaults:3)
  2 stone giant zombies
  10 very ugly things
  A catoblepas (Lair:4)
  21 stone giant skeletons
  50 centaur warriors
  A fire giant skeleton (Tomb:3)
  4 frost giant skeletons
  3 orc high priests (Orc:4)
  2 iron golems (Abyss:3)
  28 sun demons
  Erolcha (D:8)
  9 shadow wraiths
  2 hell hogs
  9 hell knights
  2 spatial maelstroms (Abyss:3)
  2 giant orange brains
  78 large abominations
  12 skeletal warriors
  8 iron trolls
  10 sea snakes (Snake:5)
  A sea snake (shapeshifter) (D:27)
  15 deep elf knights
  2 wizards
  18 naga warriors
  15 ironbrand convokers
  6 flayed ghosts
  22 soul eaters
  6 shadow demons (Pan)
  8 unseen horrors
  8 swamp dragons
  32 fauns
  41 orc knights
  19 ice devils
  2 lindwurms (Lair:8)
  2 dryads (Forest:4)
  A crystal golem (Abyss:3)
  3 flaming corpses
  A hill giant (shapeshifter) (Vaults:5)
  5 harpies (D:20)
  A grey draconian skeleton (Abyss:2)
  11 guardian serpents
  11 vault sentinels
  2 iron troll skeletons (Vaults:4)
  2 necromancers (D:15)
  14 hill giants
  8 hellions (Pan)
  23 giant amoebae
  18 cyclopes
  7 orc sorcerers
  5 wolf spiders
  7 griffons
  A hydra zombie (D:14)
  A lindwurm (shapeshifter) (D:27)
  8 red wasps
  A spectral guardian serpent (Tomb:2)
  6 spiny worms
  2 moths of wrath (shapeshifter)
  A fire crab (shapeshifter) (D:27)
  2 hydra skeletons
  6 shining eyes
  3 eyes of devastation
  A trapdoor spider zombie (D:15)
  9 phantasmal warriors
  2 ettin zombies (Tomb:3)
  3 oklob plants
  2 red wasps (shapeshifter) (Vaults:5)
  4 hell beasts (Pan)
  A red wasp zombie (D:19)
  35 small abominations
  27 sixfirhies
  5 stone giant simulacra
  35 black mambas
  A fire crab (Vaults:4)
  2 yaktaurs (shapeshifter)
  An apocalypse crab (Abyss:2)
  A frost giant simulacrum (Vaults:2)
  11 wind drakes
  2 elephant slugs
  An ettin skeleton (Vaults:3)
  17 spiny frogs
  95 slime creatures
  13 elephants
  A black mamba (shapeshifter) (D:19)
  A queen ant (Lair:6)
  A spiny worm zombie (Abyss:3)
  A feature mimic (D:20)
  6 tormentors
  71 orange demons
  An item mimic (D:17)
  71 hellwings
  A griffon skeleton (D:16)
  A deep dwarf zombie (Abyss:2)
  A slime creature (shapeshifter) (D:27)
  69 yaktaurs
  Psyche (D:13)
  A hill giant zombie (D:13)
  An efreet (Abyss:2)
  23 starcursed masses
  3 demonic crawlers (Pan)
  99 guardian mummies
  78 smoke demons
  13 trolls
  9 tengu conjurers
  A giant leech (shapeshifter) (Vaults:5)
  16 naga magi
  19 iron devils
  11 komodo dragons
  139 ugly things
  27 red devils
  2 hill giant skeletons (D:9)
  108 spriggans
  3 polar bears
  2 human zombies
  6 giant leeches
  10 ancient zymes
  29 two-headed ogres
  11 baby alligators
  2 komodo dragons (shapeshifter)
  A deep troll zombie (Vaults:3)
  4 bog bodies
  A raven (shapeshifter) (Vaults:2)
  2 ravens
  22 blue devils
  12 blink frogs
  4 deep troll skeletons
  9 grizzly bears
  5 basilisks
  10 brown oozes
  A deep dwarf scion (Abyss:3)
  A tarantella (shapeshifter) (D:13)
  30 giant fireflies
  A giant firefly (shapeshifter) (Vaults:4)
  7 sharks
  36 yaks
  A basilisk (shapeshifter) (D:14)
  10 golden eyes
  22 flying skulls
  3 tarantellas
  10 wraiths
  12 shadows
  10 deep elf conjurers
  4 hungry ghosts
  12 chaos spawn
  A griffon simulacrum (D:13)
  A hill giant simulacrum (D:16)
  52 neqoxecs
  5 vampires
  4 wyverns
  A steam dragon (shapeshifter) (Elf:1)
  49 ynoxinuls
  The ghost of Impy the Insei, an average GrMo (D:4)
  A trapdoor spider (shapeshifter) (D:21)
  Grum (D:13)
  A golden eye (shapeshifter) (D:22)
  4 clay golems
  7 redbacks
  32 vampire mosquitoes
  3 fire elementals (D:16)
  50 swamp worms
  8 war dogs
  14 deep elf summoners
  8 mottled dragons
  A yaktaur zombie (D:14)
  24 soldier ants
  A trapdoor spider (D:20)
  19 deep elf fighters
  4 steam dragons
  2 spectral boulder beetles
  7 hippogriffs
  A spatial vortex (Abyss:3)
  5 rock worms
  12 boulder beetles
  The ghost of corax the Firebug, an average DjFE (Sewer)
  A giant slug zombie (D:18)
  68 orc warriors
  Menkaure (D:4)
  5 manticores
  3 cyclops zombies
  A deep dwarf (shapeshifter) (Vaults:3)
  A yellow wasp (D:9)
  11 necrophages
  A wyvern skeleton (D:11)
  A wyvern zombie (D:12)
  11 hell hounds
  7 deep elf priests
  17 swamp drakes
  7 sky beasts
  8 ice beasts
  A black bear (shapeshifter) (D:16)
  2 boulder beetle zombies
  5 cyclops skeletons
  14 freezing wraiths
  8 phantoms
  20 black bears
  A troll zombie (D:13)
  4 yak zombies
  A hippogriff zombie (D:7)
  24 giant goldfish
  54 centaurs
  4 boring beetles
  A boring beetle (shapeshifter) (Elf:1)
  A yak skeleton (D:13)
  62 ogres
  28 tengu
  A tengu (shapeshifter) (Vaults:5)
  6 big kobolds
  52 wolves
  22 crocodiles
  18 deep elf magi
  17 rotting devils
  4 brain worms
  A giant frog zombie (D:12)
  94 nagas
  6 giant slugs
  An octopode zombie (Abyss:3)
  A boring beetle zombie (D:18)
  An earth elemental (Abyss:3)
  18 giant frogs
  53 insubstantial wisps
  15 wargs
  A centaur skeleton (D:12)
  10 agate snails
  35 water moccasins
  32 jellyfish
  An eye of draining (shapeshifter) (D:18)
  2 eyes of draining
  A boulder beetle simulacrum (Vaults:1)
  20 killer bees
  28 wights
  3 fire bats
  2 sky beast zombies (Abyss:3)
  8 electric eels
  12 crimson imps
  2 pulsating lumps (shapeshifter)
  3 brain worm zombies
  4 goliath beetles
  9 quasits
  A big kobold zombie (D:15)
  A pulsating lump (Slime:6)
  A tengu skeleton (Abyss:1)
  2 lava snakes (D:20)
  6 hounds
  19 iron imps
  10 spiders
  30 big fish
  31 orc priests
  8 iguanas
  A siren (Sewer)
  49 orc wizards
  6 scorpions
  29 deep elf soldiers
  An elf (shapeshifter) (Vaults:5)
  A mermaid (Sewer)
  7 porcupines
  32 worker ants
  A brain worm simulacrum (Abyss:3)
  The ghost of 4tharraofdagon the Ruffian, a weakling MiMo (D:3)
  12 sheep
  10 boggarts
  14 jellies
  44 mummies
  48 adders
  10 gnolls (Bailey)
  35 green rats
  16 lemures
  9 giant centipedes
  8 giant mites
  10 shadow imps
  11 white imps
  10 worms
  225 ufetubi
  13 grey rats
  8 giant eyeballs
  12 giant geckos
  8 oozes
  228 orcs
  36 bats
  5 giant cockroaches
  30 hobgoblins
  24 jackals
  38 kobolds
  10 ball pythons
  A giant gecko skeleton (D:7)
  5 giant newts
  3 giant spores
  34 goblins
  A goblin skeleton (D:4)
  16 illusory rakshasas (D:18)
  2 orc zombies
  17 quokkas
  41 rats
  21 ballistomycetes
  A crawling corpse (D:27)
  A fungus (D:11)
  5 plants
  4 starspawn tentacles
5168 creatures vanquished.

Vanquished Creatures (collateral kills)
  A water moccasin (Lair:2)
1 creature vanquished.

Vanquished Creatures (others)
  An Executioner (Pan)
  A white draconian (D:27)
  A death yak (Forest:5)
  A sun demon (Pan)
  A stone giant skeleton (Tomb:2)
  A faun (Forest:5)
  A large abomination (Pan)
  An ironbrand convoker (Vaults:4)
  A necromancer (D:20)
  A guardian serpent (Snake:5)
  A death drake skeleton (Abyss:3)
  A yaktaur (D:16)
  An orange demon (Pan)
  2 black mambas (Snake:5)
  A red devil (Pan)
  3 spriggans (Forest:5)
  A giant firefly (Forest:5)
  A grizzly bear (Forest:1)
  A deep elf conjurer (Elf:3)
  A shadow (Tomb:2)
  A chaos spawn (Pan)
  3 yaks (Lair:8)
  A deep elf summoner (Elf:3)
  2 ynoxinuls (Abyss:3)
  A two-headed ogre (Vaults:5)
  A small abomination (Abyss:3)
  2 ogres (Vaults:5)
  2 orc warriors
  4 centaurs
  A rotting devil (Pan)
  2 wargs (Vaults:4)
  A water moccasin (Snake:5)
  A wight (Abyss:3)
  A killer bee (D:16)
  A crimson imp (Pan)
  A big fish (D:17)
  2 orc wizards
  A deep elf soldier (D:20)
  A sky beast simulacrum (Abyss:3)
  A jelly (D:11)
  2 mummies (Tomb:2)
  4 adders
  A giant centipede (D:18)
  3 ufetubi
  4 orcs
  A kobold (D:16)
  2 giant spores
  5 illusory rakshasas (D:18)
  A jackal (Lair:3)
  A ballistomycete (D:11)
  2 bushes (Forest:5)
  11 fungi
  9 plants
  47 starspawn tentacles
  100 starspawn tentacle segments
246 creatures vanquished.

Grand Total: 5415 creatures vanquished

Notes
Turn   | Place    | Note
--------------------------------------------------------------
     0 | D:1      | Impy, the Gargoyle Monk, began the quest for the Orb.
     0 | D:1      | Reached XP level 1. HP: 17/17 MP: 0/0
   141 | D:1      | Reached XP level 2. HP: 24/24 MP: 1/1
   413 | D:1      | Reached XP level 3. HP: 20/30 MP: 2/2
   839 | D:2      | Reached skill level 5 in Unarmed Combat
   985 | D:2      | Reached XP level 4. HP: 18/37 MP: 3/3
  1471 | D:3      | Reached XP level 5. HP: 28/44 MP: 4/4
  1550 | D:3      | Noticed 4tharraofdagon's ghost (weakling MiMo)
  1686 | D:3      | Found a sparkling altar of Nemelex Xobeh.
  1830 | D:3      | Reached skill level 6 in Unarmed Combat
  2523 | D:3      | Killed 4tharraofdagon's ghost
  2662 | D:3      | Reached XP level 6. HP: 43/50 MP: 5/5
  2823 | D:3      | Found a burning altar of Makhleb.
  3056 | D:4      | Noticed Impy's ghost (average GrMo)
  3280 | D:3      | Reached skill level 5 in Dodging
  3428 | D:4      | Killed Impy's ghost
  3428 | D:4      | Reached skill level 7 in Unarmed Combat
  3428 | D:4      | Reached XP level 7. HP: 16/56 MP: 6/6
  3962 | D:4      | Noticed Menkaure
  4190 | D:4      | Killed Menkaure
  4527 | D:5      | Entered Level 5 of the Dungeon
  4578 | D:5      | Found Piez's Assorted Antiques.
  4799 | D:5      | Found a bloodstained altar of Trog.
  4983 | D:6      | Reached skill level 1 in Shields
  4983 | D:6      | Reached XP level 8. HP: 55/63 MP: 7/7
  5000 | D:6      | Found a glowing drain.
  5044 | Sewer    | Entered a sewer
  5378 | Sewer    | Noticed corax's ghost (average DjFE)
  5393 | Sewer    | HP: 3/63 [corax's ghost/puff of flame (12)]
  5394 | Sewer    | Killed corax's ghost
  6126 | D:6      | Found a deep blue altar of Sif Muna.
  6728 | D:7      | Found a staircase to the Ecumenical Temple.
  7345 | D:7      | Found Crioc's Book Shoppe.
  7353 | D:7      | Found a glowing silver altar of Zin.
  7359 | D:7      | Paralysed by a giant eyeball for 2 turns
  7482 | D:7      | Reached skill level 5 in Shields
  7515 | D:7      | Reached XP level 9. HP: 42/69 MP: 8/8
  7659 | D:7      | Reached skill level 8 in Unarmed Combat
  7709 | D:7      | Got a brightly glowing ivory ring
  7743 | Temple   | Entered the Ecumenical Temple
  7836 | Temple   | Became a worshipper of Warmaster Okawaru
  7836 | Temple   | Acquired Okawaru's first power
  8847 | D:7      | Found a staircase to the Orcish Mines.
  9093 | D:7      | Reached skill level 9 in Unarmed Combat
  9456 | D:8      | Noticed Erolcha
  9471 | D:8      | Killed Erolcha
  9471 | D:8      | Reached XP level 10. HP: 16/77 MP: 6/9
 10021 | D:8      | Reached skill level 10 in Unarmed Combat
 11965 | D:9      | Identified the ring "Psuop" {rF- rC+} (You found it on level 7 of the Dungeon)
 12309 | D:9      | Reached XP level 11. HP: 28/82 MP: 10/10
 12618 | D:10     | Entered Level 10 of the Dungeon
 13008 | D:10     | Reached skill level 10 in Dodging
 13025 | D:10     | Acquired Okawaru's second power
 14128 | D:11     | Found a staircase to the Lair.
 14138 | D:11     | Paralysed by a giant eyeball for 4 turns
 14614 | D:11     | Gained mutation: You evolve. [potion of mutation]
 14614 | D:11     | Gained mutation: Your muscles are flexible, but weak (Str -1, Dex +1). [potion of mutation]
 14614 | D:11     | Gained mutation: Your system is resistant to poisons. [potion of mutation]
 14725 | D:11     | Reached skill level 11 in Dodging
 14734 | D:11     | Paralysed by a giant eyeball for 3 turns
 14866 | Lair:1   | Entered Level 1 of the Lair of Beasts
 14921 | Lair:1   | Noticed Bastard's ghost (experienced GrGl)
 14938 | Lair:1   | Killed Bastard's ghost
 15096 | Lair:1   | Received a gift from Okawaru
 15113 | Lair:1   | Got a fine robe
 15378 | Lair:1   | Reached skill level 10 in Shields
 15527 | Lair:1   | HP: 2/82 [komodo dragon (23)]
 15786 | Lair:1   | Reached skill level 1 in Spellcasting
 15786 | Lair:1   | Reached XP level 12. HP: 53/89 MP: 10/15
 15789 | Lair:1   | Identified the +2 robe of the Griffon {Acc+4} (You found it on level 1 of the Lair of Beasts)
 16079 | Lair:2   | Noticed a seven-headed hydra
 16105 | Lair:2   | Killed a seven-headed hydra
 16122 | Lair:2   | Received a gift from Okawaru
 16304 | Lair:2   | Reached skill level 12 in Dodging
 16478 | Lair:2   | Noticed Erica
 16490 | Lair:2   | Killed Erica
 16874 | Lair:2   | Gained mutation: Your mind is acute (Int +1). [evolution]
 17011 | Lair:2   | Noticed an eight-headed hydra
 17018 | Lair:2   | Killed an eight-headed hydra
 17018 | Lair:2   | Reached skill level 5 in Spellcasting
 17529 | Lair:3   | Found a staircase to the Swamp.
 17657 | Lair:3   | Gained mutation: You are robust (+10% HP). [evolution]
 18083 | Lair:4   | Noticed Maud
 18107 | Lair:4   | Found a staircase to the Snake Pit.
 18118 | Lair:4   | Killed Maud
 18287 | Lair:4   | Reached skill level 13 in Dodging
 18861 | Lair:4   | Noticed a catoblepas
 18879 | Lair:4   | Killed a catoblepas
 18879 | Lair:4   | Received a gift from Okawaru
 18879 | Lair:4   | Reached XP level 13. HP: 76/104 MP: 27/29
 19106 | Lair:5   | Noticed Fannar
 19125 | Lair:5   | Killed Fannar
 19185 | Lair:5   | Found a white marble altar of Elyvilon.
 19192 | Lair:5   | Found a glowing golden altar of the Shining One.
 19197 | Lair:5   | Found a glowing silver altar of Zin.
 19211 | Lair:5   | Reached skill level 10 in Spellcasting
 20378 | Lair:6   | Noticed a four-headed hydra
 20390 | Lair:6   | Killed a four-headed hydra
 20725 | Lair:6   | Found a staircase to the Slime Pits.
 21006 | Lair:7   | Gained mutation: You are covered in fur (AC +1). [evolution]
 21637 | Lair:7   | Reached skill level 14 in Dodging
 22133 | Lair:8   | Entered Level 8 of the Lair of Beasts
 22436 | Lair:8   | Noticed a seven-headed hydra
 22447 | Lair:8   | Killed a seven-headed hydra
 22795 | Lair:8   | Received a gift from Okawaru
 23497 | Lair:8   | Reached XP level 14. HP: 65/112 MP: 32/32
 23615 | Lair:8   | Noticed a dragon
 23657 | Lair:8   | Killed a dragon
 24299 | Lair:8   | Noticed a four-headed hydra
 24313 | Lair:8   | Killed a four-headed hydra
 24529 | Lair:8   | Noticed a dragon
 25508 | Lair:7   | Reached skill level 15 in Dodging
 26011 | Orc:1    | Entered Level 1 of the Orcish Mines
 26011 | Orc:1    | Found Itsinet's Antique Weapon Boutique.
 27045 | Orc:2    | Found a flagged portal.
 27062 | Bailey   | Entered a bailey
 27319 | Bailey   | Noticed an orc warlord
 27350 | Bailey   | Killed an orc warlord
 27435 | Bailey   | Learned a level 2 spell: Slow
 27597 | Orc:2    | Gained mutation: You are partially covered in molten scales (AC +1). [evolution]
 28005 | Orc:3    | Found a staircase to the Elven Halls.
 28225 | Orc:4    | Entered Level 4 of the Orcish Mines
 28480 | Orc:4    | Found Mononat's Magical Wand Shoppe.
 28482 | Orc:4    | Found a radiant altar of Vehumet.
 28493 | Orc:4    | Bought a wand of teleportation (5) for 297 gold pieces
 28493 | Orc:4    | Bought a wand of hasting (6) for 660 gold pieces
 29374 | Orc:4    | Reached XP level 15. HP: 104/118 MP: 34/34
 29856 | Orc:4    | Found Onoum's Magical Wand Shop.
 29856 | Orc:4    | Found Etoam's Antique Weapon Shop.
 29857 | Orc:4    | Found Liupsad's Armour Emporium.
 29872 | Orc:4    | Found Huoher Orao's Antique Weapon Emporium.
 30038 | D:7      | Bought a book of Transfigurations for 715 gold pieces
 30042 | D:7      | Learned a level 2 spell: Stoneskin
 30245 | D:11     | Reached skill level 1 in Earth Magic
 30251 | D:11     | Reached skill level 1 in Transmutations
 30337 | D:11     | Found a portal to a secret trove of treasure.
 30612 | D:12     | Found Strun's Jewellery Shoppe.
 30619 | D:12     | Bought a +5 ring of intelligence for 700 gold pieces
 30889 | D:12     | Reached XP level 16. HP: 126/126 MP: 35/35
 31344 | D:13     | Reached skill level 5 in Transmutations
 31514 | D:13     | Found Wooluviy's Distillery.
 31529 | D:13     | Bought a potion of might for 30 gold pieces
 31529 | D:13     | Bought a potion of beneficial mutation for 420 gold pieces
 31647 | D:13     | Noticed Psyche
 31762 | D:13     | Killed Psyche
 31774 | D:13     | Noticed Grum
 31806 | D:13     | Killed Grum
 31823 | D:13     | Paralysed by a giant eyeball for 4 turns
 31872 | D:13     | Found a shimmering altar of Xom.
 31873 | D:13     | Found a shimmering altar of Xom.
 31874 | D:13     | Found a shimmering altar of Xom.
 31893 | D:13     | Noticed Josephine
 31903 | D:13     | Killed Josephine
 32180 | D:13     | Found a glowing golden altar of the Shining One.
 32198 | D:13     | Received a gift from Okawaru
 32209 | D:13     | Got a bloodstained chain mail {god gift}
 32210 | D:13     | Identified the +6 chain mail "Noustarph" {rF+ Dam+4} (Okawaru gifted it to you on level 13 of the Dungeon)
 32223 | D:13     | Lost mutation: You are robust (+10% HP). [evolution]
 32430 | D:14     | Entered Level 14 of the Dungeon
 32673 | D:14     | Reached skill level 10 in Earth Magic
 33102 | D:14     | Got a pitted great sword
 33104 | D:14     | Identified the +1,+5 great sword "Duurch" {holy, MR++ Dex+3} (You found it on level 14 of the Dungeon)
 33302 | D:15     | Entered Level 15 of the Dungeon
 34871 | D:15     | Learned a level 6 spell: Statue Form
 35083 | D:15     | Reached XP level 17. HP: 54/121 MP: 36/36
 36163 | Swamp:1  | Entered Level 1 of the Swamp
 36175 | Swamp:1  | ZoFy: Can you self-petrify in statue form?
 36221 | Swamp:1  | Impy: self petrify? :p
 36322 | Swamp:1  | ZoFy: Makes sense.
 36386 | Swamp:1  | Impy: я так и не понял
 36386 | Swamp:1  | Impy: как превращаться
 37301 | Swamp:1  | ZoFy: Абилка же должна быть такая, не в статуеформе, а просто так.
 37303 | Swamp:1  | ZoFy: Ват.
 37319 | Swamp:1  | Received a gift from Okawaru
 37324 | Swamp:1  | Got a creamy pearl robe {god gift}
 37326 | Swamp:1  | Identified the +1 robe "Quesoom" {Dex-3 Int+4} (Okawaru gifted it to you on level 1 of the Swamp)
 37433 | Swamp:1  | Lost mutation: Your mind is acute (Int +1). [evolution]
 37513 | Swamp:1  | Impy: а нахера вообще себя путрефаить кстати
 37908 | Swamp:2  | Reached skill level 10 in Transmutations
 38478 | Swamp:2  | ZoFy: Говорят, это как защитный берсерк.
 38526 | Swamp:2  | Impy: hm
 38526 | Swamp:2  | ZoFy: И не замедляет тебя даже, пока не окаменеешь.
 38593 | Swamp:3  | Learned a level 2 spell: Swiftness
 38596 | Swamp:3  | Learned a level 2 spell: Blink
 38599 | Swamp:3  | Learned a level 2 spell: Repel Missiles
 38603 | Swamp:3  | Learned a level 3 spell: Flight
 39675 | Swamp:4  | Noticed Snorg
 39688 | Swamp:4  | Killed Snorg
 39724 | Swamp:4  | Noticed Frances
 39860 | Swamp:4  | Killed Frances
 40594 | Swamp:4  | Reached XP level 18. HP: 128/128 MP: 34/37
 40847 | Swamp:5  | Entered Level 5 of the Swamp
 41143 | Swamp:5  | Reached skill level 15 in Earth Magic
 41146 | Swamp:5  | Received a gift from Okawaru
 41156 | Swamp:5  | Got a twisted cloak {god gift}
 41157 | Swamp:5  | Identified the -2 cloak of Defence {Str+3 Dex+3} (Okawaru gifted it to you on level 5 of the Swamp)
 41412 | Swamp:5  | Got a decaying rune of Zot
 41473 | Swamp:5  | Reached skill level 15 in Spellcasting
 42573 | Swamp:5  | Impy: afk
 42870 | Snake:1  | Entered Level 1 of the Snake Pit
 42907 | Snake:1  | Found Vigegev's Book Shop.
 42920 | Snake:1  | Found Crojasty's Distillery.
 42965 | Snake:1  | Bought a potion of might for 35 gold pieces
 42965 | Snake:1  | Bought a potion of might for 35 gold pieces
 43343 | Snake:1  | Found Exug's Assorted Antiques.
 43347 | Snake:1  | Bought a pair of encrusted boots for 201 gold pieces
 43347 | Snake:1  | Bought a potion of might for 77 gold pieces
 43348 | Snake:1  | Identified the -5 pair of boots "Goryvam" {+Fly rF+} (You bought it in a shop on level 1 of the Snake Pit)
 43358 | Snake:1  | Found Tid Twoa's Magic Scroll Shop.
 43373 | Snake:1  | Bought a scroll of identify for 30 gold pieces
 43373 | Snake:1  | Bought a scroll of identify for 30 gold pieces
 43373 | Snake:1  | Bought a scroll of identify for 30 gold pieces
 43418 | Snake:1  | Found Psiafan's Weapon Boutique.
 43598 | Snake:1  | Noticed Aizul
 43613 | Snake:1  | Killed Aizul
 43613 | Snake:1  | Reached skill level 1 in Charms
 43613 | Snake:1  | Reached skill level 16 in Earth Magic
 43932 | Snake:1  | Noticed 4tharraofdagon's ghost (powerful DjFE)
 43938 | Snake:1  | Killed 4tharraofdagon's ghost
 44007 | Snake:2  | Received a gift from Okawaru
 44462 | Snake:2  | Got a faintly humming buckler
 44463 | Snake:2  | Identified the cursed -4 buckler of Bysuedule {Dam+5} (You found it on level 2 of the Snake Pit)
 44872 | Snake:3  | Noticed Agnes
 44881 | Snake:3  | Killed Agnes
 45191 | Snake:3  | Reached XP level 19. HP: 134/134 MP: 38/38
 45227 | Snake:3  | Received a gift from Okawaru
 45245 | Snake:3  | Got a faintly glowing scale mail {god gift}
 45246 | Snake:3  | Identified the +5 scale mail "Tashenirr" {rF+ Dam+5 Stlth++} (Okawaru gifted it to you on level 3 of the Snake Pit)
 45580 | Snake:4  | Gained mutation: You can spit poison. [evolution]
 45606 | Snake:4  | Paralysed by a potion of paralysis for 4 turns
 45777 | Snake:4  | Noticed Lamia
 45796 | Snake:4  | Killed Lamia
 45796 | Snake:4  | Reached skill level 1 in Armour
 45989 | Snake:4  | Noticed Mara
 46437 | Snake:4  | Found a glowing silver altar of Zin.
 46663 | Snake:5  | Entered Level 5 of the Snake Pit
 47467 | Snake:5  | Reached skill level 15 in Unarmed Combat
 47651 | Snake:5  | Reached skill level 5 in Charms
 48248 | Snake:5  | Got a serpentine rune of Zot
 48249 | Snake:5  | Upgraded the game from 0.13-a0-1590-g33f0eee to 0.13-a0-1606-g53bcbbc
 48467 | Snake:5  | Got an encrusted shield
 48469 | Snake:5  | Identified the cursed -1 shield of Tejoarch {Str-4 Int+3} (You found it on level 5 of the Snake Pit)
 49202 | Snake:5  | Reached XP level 20. HP: 141/141 MP: 33/39
 49361 | Snake:4  | Noticed Mara
 49361 | Snake:4  | Noticed Mara
 49362 | Snake:4  | Killed Mara
 49362 | Snake:4  | Reached skill level 5 in Armour
 49365 | Snake:4  | Killed Mara
 49380 | Snake:4  | Killed Mara
 49450 | Snake:4  | Lost mutation: Your muscles are flexible, but weak (Str -1, Dex +1). [evolution]
 50349 | D:15     | Received a gift from Okawaru
 50554 | D:16     | Noticed Azrael
 50574 | D:16     | Killed Azrael
 50734 | D:16     | Noticed Nessos
 50981 | D:16     | Noticed Louise
 51001 | D:16     | Killed Louise
 51001 | D:16     | Reached skill level 5 in Fighting
 51736 | D:16     | Killed Nessos
 51761 | D:16     | Root: Could you please show your skills and spells?
 51761 | D:16     | Root: Thank you
 52056 | D:17     | Found Schejis' Book Shoppe.
 52071 | D:17     | Bought a book of Wizardry for 540 gold pieces
 52332 | D:17     | Found a white marble altar of Elyvilon.
 53100 | D:18     | Found Kuibeab's Antique Armour Shop.
 53282 | D:18     | Got a pitted jade ring
 53283 | D:18     | Identified the ring "Couwievu" {rC+ Str+1 Int+3} (You found it on level 18 of the Dungeon)
 53632 | D:18     | Reached skill level 17 in Earth Magic
 54280 | D:19     | Found Cianwoaz's Antique Armour Shop.
 54284 | D:19     | Found Zoilep's Weapon Shoppe.
 54439 | D:19     | Found Klaaner's Magical Wand Emporium.
 54442 | D:19     | Noticed Wiglaf
 54454 | D:19     | Killed Wiglaf
 54464 | D:19     | Received a gift from Okawaru
 54582 | D:19     | Found Strukhleawn's Food Shop.
 54931 | D:19     | Impy: afk
 54931 | D:19     | Reached XP level 21. HP: 160/160 MP: 32/40
 54993 | D:19     | Found Ysoam's Food Shoppe.
 55308 | D:20     | Entered Level 20 of the Dungeon
 55339 | D:20     | Noticed Margery
 55347 | D:20     | Killed Margery
 56702 | D:20     | Found a staircase to the Vaults.
 56706 | D:20     | Gained mutation: You have claws for feet. [evolution]
 57156 | D:20     | Reached skill level 10 in Charms
 58032 | Elf:1    | Entered Level 1 of the Elven Halls
 58322 | Elf:1    | Received a gift from Okawaru
 58334 | Elf:1    | Got a slimy helmet {god gift}
 58335 | Elf:1    | Identified the +0 helmet of Criod {rC+} (Okawaru gifted it to you on level 1 of the Elven Halls)
 59048 | Elf:2    | Found Gaworph's Food Shoppe.
 59078 | Elf:2    | Noticed Norris
 59096 | Elf:2    | Killed Norris
 59207 | Elf:2    | Noticed Jorgrun
 59231 | Elf:2    | Killed Jorgrun
 59395 | Elf:2    | Found Chorang's Jewellery Emporium.
 59416 | Elf:2    | Bought an uncursed ring of protection from fire for 300 gold pieces
 59576 | Elf:2    | Jafose: Hi. Why do you eat that much, is a gargoyle's intrinsic or a mutation?
 59585 | Elf:2    | Impy: its statue form cost
 59585 | Elf:2    | Jafose: Oh, thanks.
 59866 | Elf:2    | Noticed Roxanne
 59887 | Elf:2    | Killed Roxanne
 60005 | Elf:2    | Learned a level 6 spell: Haste
 60146 | Elf:3    | Entered Level 3 of the Elven Halls
 60523 | Elf:3    | Reached XP level 22. HP: 170/170 MP: 38/40
 60584 | Elf:3    | Noticed Nikola
 60600 | Elf:3    | Killed Nikola
 60786 | Elf:3    | Noticed a Hell Sentinel
 61611 | Elf:3    | Jafose: It was interesting to watch you play — got me thinking why do it myself.
 61611 | Elf:3    | Jafose: Goodbye.
 61611 | Elf:3    | Impy: cya
 61611 | Elf:3    | Impy: gl
 61611 | Elf:3    | Jafose: Likewise.
 62434 | Elf:3    | Learned a level 4 spell: Control Teleport
 62444 | Elf:3    | Got a smoking steel ring
 62446 | Elf:3    | Got a twitching pewter ring
 62597 | Elf:3    | Got a transparent platinum ring
 62599 | Elf:3    | Identified the ring "Straynyub" {Hunger rF+} (You found it on level 3 of the Elven Halls)
 62600 | Elf:3    | Identified the ring "Twaoj" {Ice Str-2 Dex+5} (You found it on level 3 of the Elven Halls)
 62772 | Elf:3    | Noticed a Brimstone Fiend
 62780 | Elf:3    | Killed a Brimstone Fiend
 62919 | Elf:2    | Bought a meat ration for 44 gold pieces
 62919 | Elf:2    | Bought a bread ration for 44 gold pieces
 62919 | Elf:2    | Bought a meat ration for 44 gold pieces
 62919 | Elf:2    | Bought a bread ration for 44 gold pieces
 64079 | D:21     | Found a gateway to Hell.
 64540 | D:22     | Noticed Kae's ghost (mighty SpEn)
 64570 | D:22     | Killed Kae's ghost
 64622 | D:22     | Reached XP level 23. HP: 178/178 MP: 31/42
 64658 | D:22     | Learned a level 3 spell: Regeneration
 65043 | D:22     | Received a gift from Okawaru
 65726 | Vaults:1 | Entered Level 1 of the Vaults
 66910 | Vaults:1 | Paralysed by a great orb of eyes for 2 turns
 66919 | Vaults:1 | Reached skill level 18 in Earth Magic
 68399 | Vaults:2 | Got a vibrating bone ring
 68458 | Vaults:2 | Noticed Frederick
 68467 | Vaults:2 | Killed Frederick
 68489 | Vaults:2 | Upgraded the game from 0.13-a0-1606-g53bcbbc to 0.13-a0-1614-gd69a504
 68580 | Vaults:2 | Noticed Jory
 68605 | Vaults:2 | Killed Jory
 68858 | Vaults:2 | Received a gift from Okawaru
 69385 | Vaults:2 | Reached XP level 24. HP: 177/185 MP: 43/43
 69618 | Vaults:2 | Identified the ring of Opius {Hunger- Str+2 Int-2} (You found it on level 2 of the Vaults)
 70724 | Vaults:3 | Reached skill level 19 in Earth Magic
 70793 | Vaults:3 | Found Bojila's Book Shoppe.
 71912 | Vaults:3 | Found a staircase to the Enchanted Forest.
 71981 | Vaults:3 | Received a gift from Okawaru
 71982 | Vaults:3 | Got a jewelled ring mail {god gift}
 71984 | Vaults:3 | Identified the ring of Gritio {rPois rF+ Dex+5 Acc+3} (You found it on level 3 of the Elven Halls)
 71984 | Vaults:3 | Identified the +4 ring mail "Ynuk" {+Rage +Fly} (Okawaru gifted it to you on level 3 of the Vaults)
 72232 | Vaults:3 | Noticed Saint Roka
 72248 | Vaults:3 | Killed Saint Roka
 72376 | Vaults:4 | Found Weolopre's Book Emporium.
 72787 | Vaults:4 | Reached XP level 25. HP: 167/192 MP: 41/44
 73152 | Vaults:4 | Reached skill level 20 in Earth Magic
 73172 | Vaults:4 | Received a gift from Okawaru
 73201 | Vaults:4 | Found a staircase to the Hall of Blades.
 73656 | Vaults:5 | Entered Level 5 of the Vaults
 74109 | Vaults:5 | Reached XP level 26. HP: 200/200 MP: 45/45
 74144 | Vaults:5 | Noticed a golden dragon
 74150 | Vaults:5 | Killed a golden dragon
 74150 | Vaults:5 | Received a gift from Okawaru
 74400 | Vaults:5 | Upgraded the game from 0.13-a0-1614-gd69a504 to 0.13-a0-1628-g8987dc3
 74423 | Vaults:5 | paplaukes: I'd bail upon seeing first sun demon :)
 74426 | Vaults:5 | Impy: :D
 74430 | Vaults:5 | paplaukes: vault wardens look great now
 74430 | Vaults:5 | Impy: so much new creatures....
 74603 | Vaults:5 | Noticed Xtahua
 74614 | Vaults:5 | Killed Xtahua
 74614 | Vaults:5 | Reached skill level 21 in Earth Magic
 74653 | Vaults:5 | paplaukes: oh, gourmet?
 74654 | Vaults:5 | Impy: yep
 74654 | Vaults:5 | paplaukes: still works the same way then
 74654 | Vaults:5 | paplaukes: I was just reading up on it on the crawler bot
 74654 | Vaults:5 | paplaukes: oo
 74746 | Vaults:5 | paplaukes: could you show the skills please?
 74805 | Vaults:5 | paplaukes: ty
 74816 | Vaults:5 | paplaukes: anything fancy from charms/transmut?
 74818 | Vaults:5 | paplaukes: oh transm statue
 74821 | Vaults:5 | Impy: well
 74821 | Vaults:5 | Impy: charms for haste
 74821 | Vaults:5 | Impy: earth for shatter
 74821 | Vaults:5 | Impy: still planing for hexes for silence
 74821 | Vaults:5 | paplaukes: statue is earth/transmut if I remember right
 74821 | Vaults:5 | paplaukes: yeah looks like you could use some
 74821 | Vaults:5 | Impy: and ofc maybe necromut
 74821 | Vaults:5 | paplaukes: normal shield for now?
 74821 | Vaults:5 | Impy: no large shield in my gmae :p
 74821 | Vaults:5 | paplaukes: :)
 74821 | Vaults:5 | Impy: oh :D
 74821 | Vaults:5 | paplaukes: depends on what's yours
 74821 | Vaults:5 | Impy: my bad
 74821 | Vaults:5 | Impy: anyways
 74821 | Vaults:5 | Impy: i need 15
 74821 | Vaults:5 | paplaukes: you were close
 74821 | Vaults:5 | Impy: in shields
 74999 | Vaults:5 | paplaukes: another nice shield nearby
 75008 | Vaults:5 | paplaukes: :)
 75081 | Vaults:5 | paplaukes: oooo
 75082 | Vaults:5 | paplaukes: magic darts wand
 75085 | Vaults:5 | Got an ancient copper ring
 75086 | Vaults:5 | paplaukes: must have :)
 75096 | Vaults:5 | paplaukes: damn, artifact rings always feel like christmas
 75096 | Vaults:5 | Identified the ring of Toegros {Wiz -Tele} (You took it off an ironbrand convoker on level 5 of the Vaults)
 75097 | Vaults:5 | paplaukes: ouch
 75225 | Vaults:5 | paplaukes: I looked at your stats page
 75290 | Vaults:5 | paplaukes: first look on classes played looks like mine:)
 75295 | Vaults:5 | paplaukes: races*
 75301 | Vaults:5 | Impy: :D
 75301 | Vaults:5 | paplaukes: the familiar DS number line
 75408 | Vaults:5 | Impy: i like Ds's sooo much
 75491 | Vaults:5 | Impy: my second 15 runer was DsMo
 75491 | Vaults:5 | Impy: first was CeMo
 75580 | Vaults:5 | paplaukes: ewww
 75592 | Vaults:5 | paplaukes: ogre mages got a downgrade:)
 75600 | Vaults:5 | paplaukes: what's Mark?
 75624 | Vaults:5 | Received a gift from Okawaru
 75648 | Vaults:5 | Impy: sentinel's mark?
 75727 | Vaults:5 | Impy: its like ashenzari's wraith
 75815 | Vaults:5 | paplaukes: nice effect
 75860 | Vaults:5 | Reached XP level 27. HP: 113/206 MP: 30/45
 76021 | Vaults:5 | Got a silver rune of Zot
 76060 | Vaults:5 | Gained mutation: You need consume almost no food. [evolution]
 76081 | Vaults:5 | paplaukes: got that mutation?
 76081 | Vaults:5 | paplaukes: I saw you had a few okay ones
 76081 | Vaults:5 | Impy: ok, im done for today, needto sleep before work :D
 76081 | Vaults:5 | paplaukes: evolve - got lucky
 76081 | Vaults:5 | Impy: yeah
 76081 | Vaults:5 | paplaukes: gargoyles sound great actually
 76081 | Vaults:5 | Impy: but its only evolve 1
 76081 | Vaults:5 | paplaukes: depending on their aptitudes
 76081 | Vaults:5 | paplaukes: yeah but matches gargoyle stuff
 76081 | Vaults:5 | paplaukes: yummy statue monks
 76081 | Vaults:5 | paplaukes: yevery playable
 76081 | Vaults:5 | Impy: yep
 76081 | Vaults:5 | Impy: ok, cya later!
 76081 | Vaults:5 | paplaukes: alright, nice seeing you again
 76081 | Vaults:5 | paplaukes: good night :)
 76081 | Vaults:5 | Impy: same :)
 76081 | Vaults:5 | Upgraded the game from 0.13-a0-1628-g8987dc3 to 0.13-a0-1638-g9943704
 76263 | Forest:1 | Entered Level 1 of the Enchanted Forest
 76292 | Forest:1 | Noticed Donald
 76309 | Forest:1 | Killed Donald
 76413 | Forest:1 | Impy: это чё за бранч ваще )
 76426 | Forest:1 | stonewall: В транке появился
 76434 | Forest:1 | stonewall: Тут руны нет кажись
 76684 | Forest:1 | stonewall: Обалдеть, раса со встроенной статуеформой
 76694 | Forest:1 | Impy: лол
 76694 | Forest:1 | Impy: если бы
 76694 | Forest:1 | stonewall: О
 76694 | Forest:1 | stonewall: Вот это я
 76715 | Forest:1 | stonewall: Вот бы этот бранч в лейр засунули
 76722 | Forest:1 | stonewall: Однообразие уже достало
 76724 | Forest:1 | Impy: пожар!
 76724 | Forest:1 | stonewall: Но он походу слишком сложный
 76873 | Forest:1 | Reached skill level 22 in Earth Magic
 77751 | Forest:2 | Noticed Mennas
 77784 | Forest:2 | Killed Mennas
 78495 | Forest:2 | Found a snail-covered altar of Cheibriados.
 78691 | Forest:2 | Received a gift from Okawaru
 79379 | Forest:3 | Found a staircase to the Tomb.
 80384 | Forest:4 | Got a transparent ice dragon armour
 80387 | Forest:4 | Identified the +5 ice dragon armour "Bleri" {rF- rC++ Str+4} (You found it on level 4 of the Enchanted Forest)
 81621 | Forest:5 | Entered Level 5 of the Enchanted Forest
 81738 | Forest:5 | Reached skill level 15 in Shields
 81765 | Forest:5 | Received a gift from Okawaru
 81825 | Forest:5 | Noticed Bastard's ghost (mighty SpBe)
 81834 | Forest:5 | Killed Bastard's ghost
 81985 | Forest:5 | Reached skill level 23 in Earth Magic
 82226 | Forest:5 | Found a shattered altar of Ashenzari.
 82434 | Forest:5 | Noticed the Enchantress
 82442 | Forest:5 | Killed the Enchantress
 82446 | Forest:5 | Cast into the Abyss (spriggan defender)
 82861 | Abyss:1  | Reached skill level 10 in Fighting
 83027 | Forest:5 | Escaped the Abyss
 83368 | Forest:5 | Got a faerie dragon armour
 83395 | Forest:5 | Identified the +2 faerie dragon armour {+Inv rC++ Dex+3} (You took it off the Enchantress on level 5 of the Enchanted Forest)
 83820 | Forest:5 | Received a gift from Okawaru
 83884 | Forest:5 | Got a pitted battleaxe {god gift}
 83885 | Forest:5 | Identified the +6,+4 battleaxe of Sequestration {vamp, rElec} (Okawaru gifted it to you on level 5 of the Enchanted Forest)
 84733 | Forest:4 | BlackAndWhite: what is this plase? never seen it
 84733 | Forest:4 | paplaukes: morning
 84733 | Forest:4 | paplaukes: nice work you got :)
 84904 | Vaults:3 | Bought a book of the Earth for 1170 gold pieces
 84913 | Vaults:3 | Learned a level 4 spell: Dig
 85150 | D:23     | Found a one-way gate to the infinite horrors of the Abyss.
 85362 | D:23     | Received a gift from Okawaru
 85375 | D:23     | Found a snail-covered altar of Cheibriados.
 85628 | D:23     | Reached skill level 24 in Earth Magic
 86813 | D:24     | Lost mutation: You can spit poison. [evolution]
 87109 | D:24     | Found a one-way gate leading to the halls of Pandemonium.
 87197 | D:24     | Reached skill level 1 in Traps
 87225 | D:24     | Upgraded the game from 0.13-a0-1638-g9943704 to 0.13-a0-1660-ga2b9f94
 87226 | D:25     | Entered Level 25 of the Dungeon
 87825 | Temple   | Fell from the grace of Okawaru
 87825 | Temple   | Became a worshipper of Kikubaaqudgha
 89455 | D:26     | Acquired Kikubaaqudgha's first power
 89455 | D:26     | Received a gift from Kikubaaqudgha
 89479 | D:26     | Identified Kikubaaqudgha's Papyrus of Darkness (Kikubaaqudgha gifted it to you on level 26 of the Dungeon)
 89490 | D:26     | Learned a level 9 spell: Shatter
 90001 | D:26     | Acquired Kikubaaqudgha's second power
 90136 | D:27     | Entered Level 27 of the Dungeon
 90139 | D:27     | Noticed a golden dragon
 90264 | D:27     | Noticed a golden dragon
 90272 | D:27     | Reached skill level 5 in Traps
 90406 | D:26     | Reached skill level 25 in Earth Magic
 90723 | D:27     | Killed a golden dragon
 90813 | D:27     | Killed a golden dragon
 90942 | D:27     | Upgraded the game from 0.13-a0-1660-ga2b9f94 to 0.13-a0-1672-g2e244fd
 91255 | D:27     | Received a gift from Kikubaaqudgha
 91267 | D:27     | Identified Kikubaaqudgha's Reference Book on Evil (Kikubaaqudgha gifted it to you on level 27 of the Dungeon)
 92903 | D:12     | Lost mutation: You have claws for feet. [evolution]
 93173 | Slime:1  | Entered Level 1 of the Pits of Slime
 93247 | Slime:1  | Gained mutation: You digest meat inefficiently. [a shining eye]
 93250 | Slime:1  | Acquired Kikubaaqudgha's third power
 93555 | Slime:2  | Reached skill level 15 in Fighting
 94078 | Slime:3  | Reached skill level 26 in Earth Magic
 94291 | Slime:4  | Acquired Kikubaaqudgha's fourth power
 94315 | Slime:5  | Paralysed by a giant eyeball for 2 turns
 94601 | Slime:6  | Entered Level 6 of the Pits of Slime
 94629 | Slime:6  | Gained mutation: You are dopey (Int -1). [a shining eye]
 94683 | Slime:6  | Found a viscous altar of Jiyva.
 94702 | Slime:6  | Noticed the royal jelly
 94720 | Slime:6  | Killed the royal jelly
 94720 | Slime:6  | Paralysed by a giant eyeball for 3 turns
 95292 | Slime:6  | Gained mutation: Your body is slowly deteriorating. [a shining eye]
 95295 | Slime:6  | Gained mutation: Your body is deteriorating. [a shining eye]
 95317 | Slime:6  | Paralysed by a giant eyeball for 2 turns
 95386 | Slime:6  | Paralysed by a giant eyeball for 2 turns
 95419 | Slime:6  | Paralysed by a giant eyeball for 4 turns
 95425 | Slime:6  | Paralysed by a giant eyeball for 4 turns
 95441 | Slime:6  | Paralysed by a giant eyeball for 2 turns
 95449 | Slime:6  | Paralysed by a giant eyeball for 3 turns
 95459 | Slime:6  | Paralysed by a giant eyeball for 2 turns
 95958 | Slime:6  | Got a slimy rune of Zot
 96046 | Slime:6  | Identified a +3 rod of striking (8/8) (You found it on level 6 of the Pits of Slime)
 96715 | D:23     | Voluntarily entered the Abyss.
 96715 | Abyss:1  | Found a corrupted altar of Lugonu.
 96755 | Abyss:1  | Found an iron altar of Okawaru.
 96800 | Abyss:1  | Found an iron altar of Okawaru.
 96972 | Abyss:1  | Paralysed by a great orb of eyes for 5 turns
 97178 | Abyss:2  | Paralysed by accursed screaming for 1 turns
 97365 | Abyss:2  | Reached skill level 27 in Earth Magic
 98022 | Abyss:3  | Gained mutation: You are dopey (Int -2). [a neqoxec]
 98707 | Abyss:3  | Noticed an ancient lich
 98716 | Abyss:3  | Killed an ancient lich
 98817 | Abyss:3  | Got an abyssal rune of Zot
 99486 | D:23     | Escaped the Abyss
 99796 | Tomb:1   | Entered Level 1 of the Tomb of the Ancients
 99825 | Tomb:1   | Noticed a greater mummy
 99843 | Tomb:1   | Killed a greater mummy
 99852 | Tomb:1   | Noticed a greater mummy
 99856 | Tomb:1   | Killed a greater mummy
 99865 | Tomb:1   | Noticed a greater mummy
 99869 | Tomb:1   | Killed a greater mummy
100068 | Tomb:1   | Noticed a greater mummy
100093 | Tomb:1   | Killed a greater mummy
100253 | Tomb:1   | Noticed a greater mummy
100262 | Tomb:1   | Killed a greater mummy
100381 | Tomb:1   | Lost mutation: You are dopey (Int -2). [potion of cure mutation]
100381 | Tomb:1   | Lost mutation: Your body is deteriorating. [potion of cure mutation]
100381 | Tomb:1   | Lost mutation: You are dopey (Int -1). [potion of cure mutation]
100381 | Tomb:1   | Lost mutation: You digest meat inefficiently. [potion of cure mutation]
100518 | Tomb:1   | Identified a scroll of acquirement
100521 | Tomb:1   | Got an ancient shield
100535 | Tomb:1   | Identified the +3 shield of Honesty {rN+ MR++} (You acquired it on level 1 of the Tomb of the Ancients)
100868 | Tomb:2   | Noticed a greater mummy
100868 | Tomb:2   | Noticed a greater mummy
100868 | Tomb:2   | Noticed a greater mummy
100869 | Tomb:2   | Noticed a greater mummy
100871 | Tomb:2   | Killed a greater mummy
100872 | Tomb:2   | Killed a greater mummy
100875 | Tomb:2   | Killed a greater mummy
100877 | Tomb:2   | Killed a greater mummy
101699 | Tomb:3   | Entered Level 3 of the Tomb of the Ancients
102155 | Tomb:3   | Noticed a greater mummy
102159 | Tomb:3   | Noticed a greater mummy
102162 | Tomb:3   | Noticed a greater mummy
102162 | Tomb:3   | Noticed a greater mummy
102292 | Tomb:3   | Noticed a greater mummy
102298 | Tomb:3   | Noticed a greater mummy
102305 | Tomb:2   | Killed a greater mummy
102308 | Tomb:2   | Killed a greater mummy
102310 | Tomb:2   | Killed a greater mummy
102526 | Tomb:3   | Killed a greater mummy
102526 | Tomb:3   | Killed a greater mummy
102531 | Tomb:2   | Killed a greater mummy
102690 | Tomb:3   | Noticed a greater mummy
102693 | Tomb:3   | Noticed a greater mummy
102701 | Tomb:3   | Killed a greater mummy
102706 | Tomb:3   | Killed a greater mummy
103089 | Tomb:3   | Identified Tibeqab's Almanac of Damage Dealing and Air
103099 | Tomb:3   | Identified Magot's Grimoire of Transformation and Poison
103129 | Tomb:3   | Got a transparent ivory ring
103132 | Tomb:3   | Identified the ring "Min Thre" {Ice +Fly Dam-5 SInv} (You found it on level 3 of the Tomb of the Ancients)
103205 | Tomb:3   | Got a golden rune of Zot
103215 | Tomb:3   | Noticed a greater mummy
103226 | Tomb:3   | Killed a greater mummy
103843 | Pan      | Entered Pandemonium
104020 | Pan      | Noticed Skutoarph the pandemonium lord
104021 | Pan      | Killed Skutoarph the pandemonium lord
104757 | Pan      | Noticed Thripn the pandemonium lord
104770 | Pan      | Killed Thripn the pandemonium lord
105010 | Pan      | Noticed Hinoh the pandemonium lord
105031 | Pan      | Killed Hinoh the pandemonium lord
105812 | Pan      | Found a gateway to a ziggurat.
106416 | Pan      | Noticed Caryem the pandemonium lord
106425 | Pan      | Killed Caryem the pandemonium lord
106943 | Pan      | Found an exit through the horrors of the Abyss.
107194 | Pan      | Noticed Nubagor the pandemonium lord
107218 | Pan      | Killed Nubagor the pandemonium lord
107475 | Pan      | Noticed Zairuly the pandemonium lord
107485 | Pan      | Killed Zairuly the pandemonium lord
107513 | Pan      | Was forgiven by Okawaru
108024 | Pan      | Noticed Zitsieci the pandemonium lord
108029 | Pan      | Killed Zitsieci the pandemonium lord
108277 | Pan      | Found an exit through the horrors of the Abyss.
108340 | Pan      | Noticed Astu the pandemonium lord
108349 | Pan      | Killed Astu the pandemonium lord
108982 | Pan      | Noticed Mehadwasti the pandemonium lord
109009 | Pan      | Killed Mehadwasti the pandemonium lord
109747 | Pan      | Noticed Ekhopi Xayq the pandemonium lord
109765 | Pan      | Killed Ekhopi Xayq the pandemonium lord
110137 | Pan      | Noticed Plap the pandemonium lord
110143 | Pan      | Killed Plap the pandemonium lord
110471 | Pan      | Noticed Schiaf the pandemonium lord
110501 | Pan      | Killed Schiaf the pandemonium lord
110997 | Pan      | Gained mutation: You are weak (Str -1). [a neqoxec]
111220 | Pan      | Noticed Pakucwo the pandemonium lord
111232 | Pan      | Killed Pakucwo the pandemonium lord
111654 | Pan      | Noticed Psaas the pandemonium lord
111667 | Pan      | Killed Psaas the pandemonium lord
112120 | Pan      | Got a demonic rune of Zot
112619 | Pan      | Noticed Ixtikhlarph the pandemonium lord
112642 | Pan      | Killed Ixtikhlarph the pandemonium lord
112679 | Pan      | Found an exit through the horrors of the Abyss.
112913 | Pan      | Noticed Tobimesk the pandemonium lord
112926 | Pan      | Reached skill level 27 in Unarmed Combat
112930 | Pan      | Killed Tobimesk the pandemonium lord
113049 | Pan      | Entered the realm of Cerebov.
113049 | Pan      | Noticed Cerebov
113593 | Pan      | HP: 4/345 [something (25)]
113594 | Pan      | Identified the +6,+6 Sword of Cerebov {flame}
113594 | Pan      | Mangled by Cerebov

Action                   |  1- 3 |  4- 6 |  7- 9 | 10-12 | 13-15 | 16-18 | 19-21 | 22-24 | 25-27 || total
-------------------------+-------+-------+-------+-------+-------+-------+-------+-------+-------++-------
Melee: Unarmed           |   130 |   181 |   571 |  1412 |  2409 |  2571 |  2181 |  1670 |  7135 || 18260
       Staff             |       |       |       |       |       |       |       |       |     3 ||     3
Throw: Spear             |       |     1 |       |     1 |     1 |       |       |       |       ||     3
 Cast: Stoneskin         |       |       |       |       |       |    29 |    53 |    47 |   173 ||   302
       Statue Form       |       |       |       |       |       |    36 |    76 |    76 |   225 ||   413
       Flight            |       |       |       |       |       |     3 |     2 |       |    15 ||    20
       Swiftness         |       |       |       |       |       |     2 |    31 |    35 |   115 ||   183
       Repel Missiles    |       |       |       |       |       |       |    25 |    37 |    79 ||   141
       Haste             |       |       |       |       |       |       |       |     8 |    75 ||    83
       Regeneration      |       |       |       |       |       |       |       |     1 |    35 ||    36
       Dig               |       |       |       |       |       |       |       |       |    19 ||    19
       Shatter           |       |       |       |       |       |       |       |       |    19 ||    19
       Blink             |       |       |       |       |       |       |       |       |    10 ||    10
Invok: Heroism           |       |       |     6 |    25 |    47 |    30 |    24 |    11 |     9 ||   152
 Abil: End Transformatio |       |       |       |       |       |     9 |    34 |    47 |    79 ||   169
       Evoke Flight      |       |       |       |       |       |       |     5 |       |       ||     5
       Spit Poison       |       |       |       |       |       |       |     1 |     1 |     7 ||     9
Evoke: Deck              |       |     5 |       |       |       |     5 |       |       |       ||    10
       Wand              |       |       |    11 |     5 |    19 |     7 |     3 |     9 |    15 ||    69
  Use: Potion            |     1 |     4 |     8 |    12 |     7 |    10 |    14 |     2 |    11 ||    69
       Scroll            |     5 |     5 |    13 |    18 |    11 |    16 |    16 |    11 |    26 ||   121
 Stab: Sleeping          |       |     1 |     5 |     3 |     6 |     8 |       |     1 |     5 ||    29
       Distracted        |       |       |       |     1 |     2 |       |     2 |       |     6 ||    11
       Invisible         |       |       |       |       |     5 |     1 |       |       |     1 ||     7
       Confused          |       |       |       |       |       |     1 |       |       |       ||     1
       Fleeing           |       |       |       |       |       |       |       |     1 |     2 ||     3
       Petrified         |       |       |       |       |       |       |       |       |     2 ||     2
